 Dungeon Crawl Stone Soup version 0.29.0-11-gd7f09526c8 (webtiles) character file.

Game seed: 435560827763860406

74 Arcadio the Grave Robber (level 4, -2/24 HPs)
             Began as a Vampire Necromancer on Sept 3, 2022.
             Slain by a gnoll
             ... wielding a +0 spear
              (7 damage)
             ... on level 2 of the Dungeon.
             The game lasted 00:07:30 (3067 turns).

Arcadio the Grave Robber (Vampire Necromancer)      Turns: 3067, Time: 00:07:32

Health: -2/24      AC:  0    Str:  4 (7)  XL:     4   Next: 9%
Magic:  0/8        EV: 19    Int: 15 (19) God:
Gold:   97         SH:  0    Dex: 15 (19) Spells: 4/8 levels left

rFire   . . .      SeeInvis +   (weapon currently unavailable)
rCold   + + .      Faith    .   (shield currently unavailable)
rNeg    + + +      Spirit   .   (body armour currently unavailable)
rPois   ∞          Reflect  .   (helmet currently unavailable)
rElec   .          Harm     .   (cloak currently unavailable)
rCorr   .          Rampage  .   (gloves currently unavailable)
Will    .....                   (boots currently unavailable)
Stlth   +++++.....              (no amulet)
HPRegen 0.00/turn               (ring currently unavailable)
MPRegen 0.11/turn               (ring currently unavailable)

@: bat-form, flying, bloodless, inhibited regen, very quick
A: fast, flying, no casting, tiny, bloodless, fangs 3, see invisible, vampiric 2
a: Revivify, End Transformation


You were on level 2 of the Dungeon.
You were a vampire bat.
You visited 1 branch of the dungeon, and saw 2 of its levels.

You collected 97 gold pieces.

Inventory:

Hand Weapons
 c - a +0 club
 e - a +0 dagger (melded)
Armour
 a - a +0 robe (melded)
Jewellery
 i - a ring of poison resistance
 n - a +6 ring of intelligence (melded)
Scrolls
 f - 2 scrolls of identify {unknown}
 g - 2 scrolls of teleportation {unknown}
 h - a scroll of enchant weapon {unknown}
 j - a scroll of fear {unknown}
 k - 2 scrolls of amnesia {unknown}
Potions
 b - a potion of magic
 d - a potion of resistance {unknown}
 l - a potion of attraction {unknown}
 m - 2 potions of curing {unknown}
 o - a potion of haste {unknown}


   Skills:
 - Level 2.1 Dodging
 + Level 4.7 Stealth
 + Level 2.8 Spellcasting
 + Level 5.0 Necromancy


You had 4 spell levels left.
You knew the following spells:

 Your Spells              Type           Power      Damage    Failure   Level
a - Necrotise             Necr           68%        1d7       2%          1
b - Vampiric Draining     Necr           17%        2d7       8%          3

Your spell library contained the following spells:

 Spells                   Type           Power      Damage    Failure   Level
 Animate Dead             Necr           17%        N/A       26%         4
 Agony                    Necr           17%        N/A       56%         5


Dungeon Overview and Level Annotations

Branches:
Dungeon (2/15) Zot: 8942

Altars:

Shops:
D:1 *


Innate Abilities, Weirdness & Mutations

You are a vampire bat.
You are tiny and dextrous.
You move quickly.
You are flying.
You are immune to poison.
Your equipment is almost entirely melded.
You are incapable of wielding weapons or throwing items.
You cannot cast spells.
You do not regenerate when monsters are visible.
You are frail without blood (-20% HP).
You can heal yourself when you bite living creatures.
You are immune to poison.
You have razor-sharp teeth.
You have supernaturally acute eyesight. (SInv)
You are afflicted with vampirism and can become a bat while bloodless.


Message History

Aim: a gnoll, wielding a +0 club (moderately wounded, chance to affect: 88%)
The gnoll writhes in agony.
The gnoll closely misses you.
Unknown command.
Casting: Necrotise (safe; 1% risk of failure)
Confirm with . or Enter, or press ? or * to list all spells.
Aiming: Necrotise (safe; 1% risk of failure)
Press: ? - help, Shift-Dir - straight line, f/p - gnoll
Aim: a gnoll, wielding a +0 club (heavily wounded, chance to affect: 88%)
The gnoll writhes in agony.
The gnoll hits you with a +0 club.
Unknown command.
Casting: Necrotise (safe; 1% risk of failure)
Confirm with . or Enter, or press ? or * to list all spells.
Aiming: Necrotise (safe; 1% risk of failure)
Press: ? - help, Shift-Dir - straight line, f/p - gnoll
Aim: a gnoll, wielding a +0 club (severely wounded, chance to affect: 88%)
The gnoll writhes in agony.
You kill the gnoll!
The dead are walking!
You have reached level 4!
Casting: Necrotise (safe; 1% risk of failure)
Confirm with . or Enter, or press ? or * to list all spells.
The spell is quite dangerous to miscast (4% risk of failure)!
Continue anyway?
Aiming: Vampiric Draining (quite dangerous; 4% risk of failure)
Press: ? - help, Shift-Dir - straight line, f - gnoll
Aim: a gnoll, wielding a +0 flail You draw life force from the gnoll.
You feel life coursing into your body.
The gnoll hits you from afar with a +0 spear.
The gnoll hits you with a +0 flail!
Your gnoll skeleton hits the gnoll but does no damage.
The gnoll attacks as you move away! The gnoll barely misses you.
The gnoll attacks as you move away! The gnoll closely misses you.
The gnoll attacks as you move away! The gnoll hits you with a +0 flail.
* * * LOW HITPOINT WARNING * * *
You fail to use your ability.
The gnoll barely misses you.
You turn into a vampire bat.
Your +0 dagger melds into your body.
Your +0 robe melds into your body.
Your +6 ring of intelligence melds into your body.
You feel stupid.
You feel weakened.
You feel dopey.
You feel clumsy.
The gnoll hits you from afar with a +0 spear!
You die...

######...##..#.....
######
##......#.....
########
#.##.........
#)......
#......###.#
#....... ####...###
#....... #.....#
#....... ##.####
#....... #.###
#....... #..b###
######## ###.g.#
###g### #...#
###Z#### #..).#
####..##### .......
......##


You could see 2 gnolls and a friendly gnoll skeleton.

Vanquished Creatures
  2 gnolls (D:2)
  A worm (D:2)
  A dart slug (D:2)
  3 endoplasms
  3 giant cockroaches
  5 goblins
  4 hobgoblins
  5 quokkas
  2 ball pythons
  5 bats
  3 frilled lizards
  8 kobolds
  3 rats (D:2)
45 creatures vanquished.

Vanquished Creatures (collateral kills)
  A kobold (D:1)
1 creature vanquished.

Vanquished Creatures (others)
  A fungus (D:2)
  2 plants (D:2)
3 creatures vanquished.

Grand Total: 49 creatures vanquished

Notes
Turn   | Place    | Note
-------+----------+-------------------------------------------
     0 | D:1      | Arcadio the Vampire Necromancer began the quest for the
                  | Orb.
     0 | D:1      | Reached XP level 1. HP: 13/13 MP: 3/3
   279 | D:1      | Reached XP level 2. HP: 15/15 MP: 5/5
   311 | D:1      | Found Ecaitimo's General Store.
  1277 | D:2      | Gained mutation: You are afflicted with vampirism and can
                  | become a bat while bloodless. [Vampire growth]
  1277 | D:2      | Reached XP level 3. HP: 19/19 MP: 3/6
  1371 | D:1      | Learned a level 3 spell: Vampiric Draining
  2748 | D:2      | Reached skill level 5 in Necromancy
  3017 | D:2      | Found a faded altar of an unknown god.
  3060 | D:2      | Reached XP level 4. HP: 19/24 MP: 4/8
  3067 | D:2      | Slain by a gnoll

Illustrated notes

Levels and vault maps discovered:
D:1:      arrival_zaba_pyramid, layout_rooms, serial_shops, shop_statue,
          minmay_pentomino_p4
D:2:      layout_basic, serial_rivers, chequers_serial_rivers_marsh,
          chequers_serial_rivers_small_a, chequers_serial_rivers_micro_b,
          chequers_serial_rivers_micro_b, chequers_serial_rivers_large_a,
          shapermc_ecumenical_altar_acropolis

Skill      XL: |  1  2  3 |
---------------+----------+-----
Stealth        | 4 |  4.7
Necromancy     | 5 |  5.0
Dodging        | |  2.1
Spellcasting   | |  2.8

Action                   |  1- 3 |  4- 6 || total
-------------------------+-------+-------++-------
Melee: Dagger            |    52 |       ||    52
       Club              |     1 |       ||     1
       Bite              |     3 |       ||     3
 Cast: Necrotise         |    41 |       ||    41
       Vampiric Draining |     3 |     1 ||     4
 Abil: Exsanguinate      |     1 |       ||     1
       Revivify          |     1 |       ||     1
       Bat Form          |     1 |     1 ||     2
       End Transformatio |     1 |       ||     1
 Stab: Sleeping          |    17 |       ||    17
       Distracted        |     1 |       ||     1
Armor: Robe              |     9 |       ||     9
Dodge: Dodged            |    35 |     3 ||    38
